 Dungeon Crawl Stone Soup version 0.29-a0-360-g8ed1089bbe (webtiles) character file.

Game seed: 16787921437383072646

116 thiscave3701365 the Skirmisher (level 4, 0/41 HPs)
             Began as a Minotaur Abyssal Knight on Apr 28, 2022.
             Was a Priest of Lugonu.
             Slain by a scorpion (4 damage)
             ... on level 3 of the Dungeon.
             The game lasted 00:02:45 (3424 turns).

thiscave3701365 the Skirmisher (MiAK)               Turns: 3424, Time: 00:02:45

Health: 0/41       AC:  3    Str: 19    XL:     4   Next: 70%
Magic:  4/4        EV: 11    Int:  7    God:    Lugonu [***...]
Gold:   183        SH:  0    Dex: 11    Spells: 3/3 levels left

rFire   + . .      SeeInvis .   a - +1 hand axe
rCold   + . .      Faith    .   (no shield)
rNeg    . . .      Spirit   .   b - +0 leather armour
rPois   +          Reflect  .   (helmet restricted)
rElec   +          Harm     .   (no cloak)
rCorr   +          Rampage  .   (no gloves)
Will    .....                   (no boots)
Stlth   +.........              (no amulet)
HPRegen 0.13/turn               (no ring)
MPRegen 0.09/turn               (no ring)

@: lethally poisoned (0 -> -11), resistant
A: horns 2, retaliatory headbutt
a: Renounce Religion, Depart the Abyss, Bend Space, Banish


You were on level 3 of the Dungeon.
You worshipped Lugonu.
Lugonu was most pleased with you.
You visited 1 branch of the dungeon, and saw 4 of its levels.
You visited the Abyss 1 time.

You collected 183 gold pieces.

Inventory:

Hand Weapons
 a - a +1 hand axe (weapon)
Armour
 b - a +0 leather armour (worn)
Wands
 n - a wand of iceblast (4)
Scrolls
 c - 4 scrolls of identify {unknown}
 d - a scroll of immolation {unknown}
 f - 3 scrolls of amnesia {unknown}
 i - 2 scrolls of brand weapon {unknown}
 k - 2 scrolls of enchant armour {unknown}
 l - a scroll of torment {unknown}
Potions
 e - a potion of ambrosia {unknown}
 h - 4 potions of curing
 j - a potion of cancellation {unknown}
 m - a potion of lignification {unknown}


   Skills:
 + Level 4.8 Fighting
 + Level 3.9 Axes
 + Level 3.4 Armour
 + Level 1.5 Dodging
 + Level 0.4 Stealth
 + Level 2.0 Invocations


You had 3 spell levels left.
You didn't know any spells.
Your spell library contained the following spells:

 Spells                   Type           Power      Damage    Failure   Level
 Slow                     Hex            0%         N/A       47%         1
 Confusing Touch          Hex            0%         N/A       85%         3
 Ozocubu's Armour         Ice            0%         N/A       85%         3
 Vampiric Draining        Necr           0%         2d6       85%         3
 Metabolic Englaciation   Hex/Ice        0%         N/A       100%        5
 Simulacrum               Ice/Necr       0%         N/A       100%        6


Dungeon Overview and Level Annotations

Branches:
Dungeon (4/15)
 Temple: D:4-7

Altars:


Innate Abilities, Weirdness & Mutations

You have a pair of horns on your head.
You reflexively headbutt those who attack you in melee.


Message History

The white imp shouts, "Escape, thou venomed nut-hook bootlicker!"
The scorpion stings you.
You are more poisoned.
The scorpion poisons you!
You hit the scorpion.
The scorpion is moderately wounded.
You hit the kobold but do no damage.
You feel very sick. The scorpion stings you.
The kobold hits you but does no damage.
You are too injured to fight recklessly!
Unknown command.
The white imp attacks as you move away! The white imp closely misses you.
You feel very sick. The kobold barely misses you.
There is a stone staircase leading up here.
* * * LOW HITPOINT WARNING * * *
You feel sick. The scorpion stings you.
* * * LOW HITPOINT WARNING * * *
The kobold hits you but does no damage.
You climb upwards.
* * * LOW HITPOINT WARNING * * *
You feel very sick.
There is a stone staircase leading down here.
You feel better.
The scorpion stings you but does no damage.
The kobold completely misses you.
You hit the scorpion but do no damage.
The scorpion is lightly wounded.
You closely miss the kobold. The scorpion stings you.
* * * LOW HITPOINT WARNING * * *
You are lethally poisoned!
The scorpion poisons you! The kobold barely misses you.
The scorpion stings you.
* * * LOW HITPOINT WARNING * * *
It was a potion of resistance.
You feel protected.
* * * LOW HITPOINT WARNING * * *
You feel very sick. The scorpion stings you.
You die...

#######.# #. #.......# #.
#.#####.###. #.#...).....
######### ######.#########.
##..(....# #......# #.....
#........# ######.# ##..###
#........# #######.####...###
#....#.#########@K...............
'''''#........#s.##[##.####......
'''''............##.##.........#.
''_''....#.#........##.......#.#.
'''''....#.#..#..##.########.....
'''''#..##.#..#..##.# #.#.##
.................#..# #.####
#......###..#.#..#..# #.# #
##.#........#.#..#..# #.# #


You could see a scorpion and a kobold.

Vanquished Creatures
  Ijyb (D:3)
  3 adders (D:2)
  2 worms (D:3)
  An orc (D:3)
  4 endoplasms
  A giant cockroach (D:1)
  9 hobgoblins
  8 jackals
  5 ball pythons
  5 bats
  A frilled lizard (D:2)
  9 goblins
  2 kobolds
  4 rats (D:2)
55 creatures vanquished.

Notes
Turn   | Place    | Note
-------+----------+-------------------------------------------
     0 | Abyss:1  | thiscave3701365 the Minotaur Abyssal Knight began the quest
                  | for the Orb.
     0 | Abyss:1  | Reached XP level 1. HP: 19/19 MP: 1/1
    48 | D:1      | Escaped the Abyss
   157 | D:1      | Reached ** piety under Lugonu
   158 | D:1      | Reached XP level 2. HP: 19/27 MP: 2/2
   263 | D:1      | Reached skill level 4 in Fighting
   884 | D:2      | Reached XP level 3. HP: 27/33 MP: 3/3
  2138 | D:3      | Reached XP level 4. HP: 35/41 MP: 4/4
  2261 | D:3      | Found a faded altar of an unknown god.
  2525 | D:3      | Noticed Ijyb
  2539 | D:3      | Killed Ijyb
  2539 | D:3      | Reached *** piety under Lugonu
  3413 | D:4      | Noticed a scorpion
  3424 | D:3      | Slain by a scorpion

Illustrated notes

Levels and vault maps discovered:
D:1:      minmay_arrival_shattered_statue, layout_rooms, columned_hall_lemuel
D:2:      layout_loops_ring, item_on_display_a
D:3:      layout_basic, hellmonk_ecumenical_altar_heavens_door,
          palyth_stone_intersect, minmay_misc_feat_more_columns,
          minmay_goblin_outpost, uniq_ijyb
D:4:      layout_basic

Skill      XL: |  1  2  3 |
---------------+----------+-----
Fighting       | 4 |  4.8
Axes           | 3 |  3.9
Armour         | 3 |  3.4
Invocations    | 2 |  2.0
Dodging        | |  1.5
Stealth        | |  0.4

Action                   |  1- 3 |  4- 6 || total
-------------------------+-------+-------++-------
Melee: Hand axe          |    90 |    45 ||   135
       Headbutt          |    13 |     7 ||    20
       Punch             |     2 |       ||     2
Invok: Depart the Abyss  |     1 |       ||     1
  Use: Potion            |       |     2 ||     2
Armor: Leather armour    |    25 |    14 ||    39
Dodge: Dodged            |    60 |    20 ||    80

Table legend: (Time is in decaauts)
 A = Elapsed time spent in this place.
 B = Non-inter-level travel time spent in this place.
 C = Inter-level travel time spent in this place.
 D = Time resting spent in this place.
 E = Time spent auto-exploring this place.
 F = Levels seen in this place.
 G = Mean time per level.
                   A        B        C        D        E       F      G
               +--------+--------+--------+--------+--------+-----+--------+
         Total |   3444 |   3266 |    178 |    207 |   2552 |   5 |  688.8 |
       Dungeon |   3396 |   3218 |    178 |    207 |   2504 |   4 |  849.0 |
         Abyss |     48 |     48 |      0 |      0 |     48 |   1 |   48.0 |
               +--------+--------+--------+--------+--------+-----+--------+

Top non-repeatable levels by time:
     D:3: 1467 daAuts
     D:2: 1043 daAuts
     D:1: 876 daAuts
 Abyss:1: 48 daAuts
     D:4: 8 daAuts
